 Dungeon Crawl Stone Soup version 0.29.1-13-g9f3cf754e1 (webtiles) character file.

Game seed: 5170758011369604105

2128 Kake the Trooper (level 9, 0/79 HPs)
             Began as a Hill Orc Monk on Feb 5, 2023.
             Was a Believer of Beogh.
             Killed from afar by an orc wizard (8 damage)
             ... with a magic dart
             ... on level 7 of the Dungeon.
             The game lasted 00:58:45 (7749 turns).

Kake the Trooper (Hill Orc Monk)                    Turns: 7749, Time: 00:58:45

Health: 0/79       AC: 10    Str: 24    XL:     9   Next: 29%
Magic:  12/12      EV: 17    Int: 10    God:    Beogh [**....]
Gold:   534        SH:  0    Dex: 13    Spells: 8/8 levels left

rFire   . . .      SeeInvis .   C - +2 great sword (elec)
rCold   . . .      Faith    .   (shield currently unavailable)
rNeg    . . .      Spirit   .   G - +1 troll leather armour {Pargi}
rPois   .          Reflect  .   H - +0 helmet
rElec   .          Harm     .   k - +0 cloak
rCorr   .          Rampage  .   h - +0 pair of gloves
Will    .....                   y - +0 pair of boots
Stlth   ++........              c - amulet of regeneration
HPRegen 1.83/turn               b - +4 ring of evasion
MPRegen 0.13/turn               f - +6 ring of strength

@: mighty
A: no striking features
a: Renounce Religion, Smiting


You were on level 7 of the Dungeon.
You worshipped Beogh.
Beogh was pleased with you.
You visited 2 branches of the dungeon, and saw 8 of its levels.
You also visited: Sewer.

You collected 534 gold pieces.

Inventory:

Hand Weapons
 a - a +1 hand axe of electrocution
 n - a +1 spectral dagger
 p - a +2 dagger
 C - a +2 great sword of electrocution (weapon)
 I - a +0 flail of draining
 M - a +3 scimitar of freezing
 O - a +2 hand axe of freezing
 P - a +3 mace
 R - a +2 dagger of venom
Missiles
 j - 47 stones
 o - 3 boomerangs of dispersal
 z - 9 poisoned darts (quivered)
Armour
 h - a +0 pair of gloves (worn)
 k - a +0 cloak (worn)
 y - a +0 pair of boots (worn)
 G - a +1 troll leather armour (worn) {Pargi}
 H - a +0 helmet (worn)
Magical Staves
 e - a staff of air
 l - a staff of air
 w - a staff of air
 J - a staff of fire
 L - a staff of conjuration
Jewellery
 b - a +4 ring of evasion (left hand)
 c - an amulet of regeneration (around neck)
 f - a +6 ring of strength (right hand)
 N - a ring of poison resistance
Wands
 d - a wand of iceblast (3)
Scrolls
 i - 2 scrolls of identify
 m - a scroll of poison
 r - a scroll of enchant armour
 t - a scroll of teleportation
 B - 2 scrolls of enchant weapon
 D - a scroll of immolation
 F - 3 scrolls of brand weapon
 K - 3 scrolls of fear
 Q - a scroll of silence {unknown}
Potions
 v - 2 potions of haste
 x - 2 potions of lignification
 A - a potion of mutation
 E - a potion of flight


   Skills:
 * Level 7.2 Fighting
 - Level 2.3(2.7) Short Blades
 * Level 2.2(2.8) Long Blades
 * Level 6.0(8.1) Axes
 + Level 7.1(7.8) Maces & Flails
 + Level 0.7 Throwing
 + Level 3.8 Armour
 + Level 4.2 Dodging
 + Level 2.1 Stealth
 * Level 4.3 Invocations


You had 8 spell levels left.
You didn't know any spells.
Your spell library contained the following spells:

 Spells                   Type           Power      Damage    Failure   Level
 Scorch                   Fire           0%         2d5       54%         2
 Portal Projectile        Hex/Tloc       0%         N/A       77%         3
 Tukima's Dance           Hex            0%         N/A       77%         3
 Flame Wave               Conj/Fire      0%         2d4       99%         4
 Passage of Golubria      Tloc           0%         N/A       99%         4
 Blade Hands              Tmut           0%         N/A       100%        5
 Yara's Violent Unravell  Hex/Tmut       0%         3d3       100%        5
 Summon Cactus Giant      Summ           0%         N/A       100%        6


Dungeon Overview and Level Annotations

Branches:
Dungeon (7/15)             Temple (1/1) D:6           Sewer (visited)

Altars:
Cheibriados
Dithmenos
Elyvilon
Gozag
Hepliaklqana
Kikubaaqudgha
Makhleb
Nemelex Xobeh
Okawaru
Ru
Sif Muna
Trog
Uskayaw
Wu Jian
Xom
Yredelemnul


Message History

The gnoll bouda barks out a call to the hunt!
You hear a shout!
You feel sick.
The gnoll bouda barks out a call to the hunt!
The gnoll picks up the pace!
Your attacks no longer feel as feeble.
You feel sick.
As you read the scroll of teleportation, it crumbles to dust.
You feel strangely unstable.
You feel sick.
You are no longer poisoned.
The hornet stings you!
* * * LOW HITPOINT WARNING * * *
You feel as though you will be slow longer.
The gnoll is no longer moving quickly.
The hornet barely misses you. The hornet misses you.
Your surroundings suddenly seem different.
A gnoll comes into view. It is wielding a +0 spear.
The gnoll shouts!
As you read the scroll of teleportation, it crumbles to dust.
You feel strangely unstable.
You feel yourself speed up. The gnoll hits you with a +0 spear.
* * * LOW HITPOINT WARNING * * *
The gnoll hits you from afar with a +0 halberd!
* * * LOW HITPOINT WARNING * * *
The gnoll attacks as you move away! The gnoll barely misses you. x2
The gnoll hits you but does no damage. The gnoll attacks as you move away!
The gnoll misses you.
Your surroundings suddenly seem different.
An orc priest and 2 orc wizards come into view.
An orc wizard is wielding a +0 dagger and wearing a +1 robe of resistance.
An orc wizard is wielding a +2 dagger of draining.
The orc wizard mumbles some strange words.
The orc wizard flickers and vanishes!
Deactivating autopickup; reactivate with Ctrl-A.
The orc wizard shouts!
The orc priest shouts!
Something shouts, "Slither hence, thou odious hasty-witted dingleberry!"
The orc wizard gestures at you while chanting.
The magic dart hits you!
You die...
Beogh appreciates the orc wizard's killing of a heretic priest.

#........#..##.#
..##...........##[#
##..#...............#
##...##...########...#
##............. ......
#...........{# ##...##
...........o.# #####
.............###
.......@..o.....
..#...##...#### ###
#####


You could see an orc priest and an orc wizard.

Vanquished Creatures
  Eustachio (D:5)
  Duvessa (D:6)
  A water moccasin (D:6)
  Pargi (Sewer)
  A sky beast (D:5)
  An orc warrior (D:6)
  A black bear (D:5)
  A centaur (D:6)
  A bullfrog (D:7)
  4 necrophages
  2 scorpions
  5 wights (D:6)
  Dowan (D:6)
  4 hounds
  3 orc priests
  3 iguanas
  4 orc wizards
  9 adders
  A river rat (D:4)
  A shadow imp (D:6)
  A white imp (D:5)
  2 ufetubi (D:6)
  2 worms
  3 dart slugs
  10 orcs
  7 endoplasms
  5 giant cockroaches
  7 goblins
  7 hobgoblins
  2 jackals (D:1)
  3 quokkas (D:1)
  7 ball pythons
  6 bats
  3 frilled lizards
  16 kobolds
  10 rats
  2 bushes (D:6)
139 creatures vanquished.

Vanquished Creatures (others)
  An orc priest (D:4)
  An orc wizard (D:4)
  An orc (D:4)
  A plant (D:6)
4 creatures vanquished.

Grand Total: 143 creatures vanquished

Notes
Turn   | Place    | Note
-------+----------+-------------------------------------------
     0 | D:1      | Kake the Hill Orc Monk began the quest for the Orb.
     0 | D:1      | Reached XP level 1. HP: 19/19 MP: 1/1
   134 | D:1      | Reached XP level 2. HP: 15/27 MP: 2/2
   584 | D:1      | Reached XP level 3. HP: 29/33 MP: 3/3
  1419 | D:2      | Reached skill level 5 in Axes
  1455 | D:2      | Reached skill level 1 in Armour
  2233 | D:2      | Reached XP level 4. HP: 40/40 MP: 4/4
  3534 | D:3      | Reached skill level 1 in Short Blades
  3534 | D:3      | Reached XP level 5. HP: 36/47 MP: 5/5
  3773 | D:4      | Found a glowing drain.
  3786 | Sewer    | Entered a sewer
  3945 | Sewer    | Noticed Pargi
  3958 | Sewer    | Killed Pargi
  3959 | Sewer    | Reached XP level 6. HP: 30/53 MP: 6/6
  4378 | D:4      | Became a worshipper of Beogh the Brigand
  4378 | D:4      | Reached * piety under Beogh
  4378 | D:4      | Reached ** piety under Beogh
  5348 | D:5      | Entered Level 5 of the Dungeon
  5372 | D:5      | Reached skill level 5 in Fighting
  5372 | D:5      | Reached skill level 1 in Maces & Flails
  5386 | D:5      | Noticed a sky beast
  5406 | D:5      | Killed a sky beast
  5407 | D:5      | Reached XP level 7. HP: 61/61 MP: 7/7
  5454 | D:5      | Reached skill level 1 in Invocations
  5842 | D:5      | Noticed Eustachio
  5918 | D:5      | Killed Eustachio
  5919 | D:5      | Reached XP level 8. HP: 67/70 MP: 9/9
  6278 | D:6      | Reached skill level 5 in Maces & Flails
  6636 | D:6      | Reached XP level 9. HP: 77/78 MP: 11/11
  6976 | D:6      | Found a staircase to the Ecumenical Temple.
  7243 | D:6      | Noticed Duvessa
  7243 | D:6      | Noticed Dowan
  7251 | D:6      | Killed Duvessa
  7252 | D:6      | Killed Dowan
  7253 | D:6      | Reached skill level 1 in Long Blades
  7366 | Temple   | Entered the Ecumenical Temple
  7713 | D:7      | Noticed a hornet
  7746 | D:7      | HP: 3/79 [gnoll/+0 halberd[a gnoll bouda] (12)]
  7749 | D:7      | Killed from afar by an orc wizard

Illustrated notes

Levels and vault maps discovered:
D:1:      dpeg_arrival_arbitrary_a, layout_loops_ring, hex_large,
          minmay_box_of_dots
D:2:      layout_basic, lemuel_flame_loot_1
D:3:      minmay_razor_zed, layout_loops_ring, minmay_vboxes
D:4:      layout_cave_pods, serial_column_ruins, column_ruins_square_huge,
          column_ruins_open_tiny, column_ruins_open_tiny,
          column_ruins_corridor_T, column_ruins_open_large,
          column_ruins_open_tiny, column_ruins_open_large, portal_sewer_entry_b
D:5:      layout_basic, minmay_misc_feat_alley, uniq_eustachio
D:6:      layout_basic, minmay_temple_entry_overgrown,
          nicolae_figureground_pulse, uniq_duvessa
D:7:      layout_rooms, zin_scriptorium
Temple:   eino_temple_scatter_basement

Skill      XL: |  1  2  3  4  5  6  7  8  9 |
---------------+----------------------------+-----
Fighting       | 4 5 6 7 |  7.2
Axes           | 5 6 |  6.0
Armour         | 1 2 3 |  3.8
Short Blades   | 1 2 |  2.3
Dodging        | 3 4 |  4.2
Maces & Flails | 2 4 6 7 |  7.1
Stealth        | 2 |  2.1
Invocations    | 2 3 4 |  4.3
Long Blades    | 2 |  2.2
Throwing       | |  0.7

Action                   |  1- 3 |  4- 6 |  7- 9 || total
-------------------------+-------+-------+-------++-------
Melee: Hand axe          |    94 |       |    23 ||   117
       Punch             |     1 |     3 |     2 ||     6
       Dagger            |    86 |   132 |       ||   218
       Flail             |       |    49 |   170 ||   219
       Great sword       |       |       |    99 ||    99
Throw: Stone             |     1 |       |     4 ||     5
       Dart              |       |       |    16 ||    16
Invok: Convert to Beogh  |       |     1 |       ||     1
       Smiting           |       |       |     2 ||     2
Evoke: Wand              |       |     3 |     1 ||     4
  Use: Potion            |     1 |     2 |     6 ||     9
       Scroll            |       |    11 |     7 ||    18
 Stab: Sleeping          |     1 |     1 |       ||     2
Armor: Robe              |     2 |       |       ||     2
       Ring mail         |    46 |    76 |       ||   122
       Troll leather arm |       |    34 |   152 ||   186
Dodge: Dodged            |    96 |   144 |   372 ||   612
